 Dungeon Crawl Stone Soup version 0.30.1-11-g7821555f0a (webtiles) character file.

Game seed: 2418689541904166865

12840 Kwame the Poker (level 11, -7/93 HPs)
             Began as a Pale Draconian Monk on Nov 21, 2023.
             Was a Priest of Ashenzari.
             Mangled by a black mamba (13 damage)
             ... on level 1 of the Snake Pit.
             The game lasted 00:49:39 (8986 turns).

Kwame the Poker (Pale Draconian Monk)               Turns: 8986, Time: 00:49:41

Health: -7/93      AC:  7    Str: 16      XL:     11   Next: 67%
Magic:  5/21       EV: 20    Int: 12 (13) God:    Ashenzari [***...]
Gold:   245        SH:  0    Dex: 15      Spells: 3/21 levels left

rFire   . . .        a - +0 spear of Apeoromancy {Range, Bglg} (curse)
rCold   . . .        i - orb of the Fated Altruism {mayhem, Self, Evo} (curse)
rNeg    . . .        (body armour unavailable)
rPois   +            (helmet restricted)
rElec   .            (no cloak)
rCorr   .            (no gloves)
SInv    +            (no boots)
Will    .....        o - amulet of Ashenzari's Portent {Regen+, Bglg, Alch} (curse)
Stlth   ++++         f - ring of the Circumscribed Seer {EV+5, Elem, Fort} (curse)
HPRegen 1.15/turn    z - ring of Ashenzari's Moon {rPois, Elem, Cun} (curse)
MPRegen 0.17/turn

%: mayhem, clarity
@: short of breath, very slightly contaminated
A: breathe steam, AC +7, unfitting armour, cold-blooded, steam resistance, thin
skeletal structure 1, deterioration 1, high MP 1, mutation resistance 1
a: Breathe Steam, Renounce Religion, Curse Item, Shatter the Chains


You were on level 1 of the Snake Pit.
You worshipped Ashenzari.
Ashenzari was most pleased with you.
You visited 3 branches of the dungeon, and saw 14 of its levels.

You collected 645 gold pieces.
You spent 400 gold pieces at shops.

Inventory:

Hand Weapons
 a - the cursed +0 spear of Apeoromancy (weapon) {Range, Bglg}

   It has a curse which improves the following skills: Ranged Combat: Ranged
   Weapons and Throwing.
   Beguiling: Conjurations, Hexes and Translocations.
Missiles
 G - 5 boomerangs (quivered)
 H - a curare-tipped dart
Armour
 c - an orb of light
 i - the cursed orb of the Fated Altruism (worn) {mayhem, Self, Evo}
   (You found it on level 2 of the Dungeon)

   It has a curse which improves the following skills: Introspection: Fighting
   and Spellcasting.
   Evocations: Evocations.
 E - the +1 pair of gloves of Uskayaw's Envy {Str+4}
   (You bought it in a shop on level 8 of the Dungeon)

   Str:       It affects your strength (+4).
Jewellery
 f - the cursed ring of the Circumscribed Seer (left hand) {EV+5, Elem, Fort}
   (You found it on level 1 of the Dungeon)

   [ring of evasion]

   EV:        It affects your evasion (+5).
   It has a curse which improves the following skills: Elements: Fire Magic, Ice
   Magic, Air Magic and Earth Magic.
   Fortitude: Shields.
 o - the cursed amulet of Ashenzari's Portent (around neck) {Regen+, Bglg, Alch}
   (You found it on level 3 of the Dungeon)

   [amulet of regeneration]

   Regen:     It increases your rate of health regeneration.
   It has a curse which improves the following skills: Beguiling: Conjurations,
   Hexes and Translocations.
   Alchemy:   Poison Magic and Transmutations.
 r - a +5 ring of evasion
 t - an amulet of the acrobat
 z - the cursed ring of Ashenzari's Moon (right hand) {rPois, Elem, Cun}
   (You found it on level 2 of the Dungeon)

   [ring of poison resistance]

   rPois:     It protects you from poison.
   It has a curse which improves the following skills: Elements: Fire Magic, Ice
   Magic, Air Magic and Earth Magic.
   Cunning:   Dodging and Stealth.
Wands
 y - a wand of mindburst (2)
 B - a wand of flame (27)
Scrolls
 d - 4 scrolls of vulnerability
 j - 2 scrolls of magic mapping
 k - 3 scrolls of silence
 p - 10 scrolls of identify
 q - 3 scrolls of teleportation
 w - 3 scrolls of fog
 A - a scroll of butterflies
 C - a scroll of fear
 F - 2 scrolls of enchant armour
Potions
 b - 2 potions of ambrosia
 e - a potion of brilliance
 h - 2 potions of haste
 m - 2 potions of might
 n - 2 potions of cancellation
 s - 5 potions of curing
 u - 2 potions of attraction
 v - a potion of flight
 D - a potion of lignification
Miscellaneous
 g - a phantom mirror
 x - a box of beasts (inert)


   Skills:
 * Level 6.1(7.6) Fighting
 * Level 6.8(7.5) Polearms
 * Level 4.7(6.4) Staves
 * Level 3.7(5.1) Throwing
 * Level 6.1(7.6) Dodging
 * Level 4.3(5.7) Stealth
 * Level 4.5(5.9) Spellcasting
 * Level 3.9(6.0) Conjurations
 * Level 3.3(5.3) Hexes
 * Level 3.5 Summonings
 * Level 3.5(5.5) Translocations
 * Level 3.2(4.5) Transmutations
 * Level 4.1(6.2) Fire Magic
 * Level 3.7(5.8) Ice Magic
 * Level 4.2(6.3) Air Magic
 * Level 3.7(5.7) Earth Magic
 * Level 3.7(5.1) Poison Magic
 * Level 4.0(5.4) Evocations


You had 3 spell levels left.
You knew the following spells:

 Your Spells              Type           Power      Damage    Failure   Level
a - Searing Ray           Conj           36%        2d5       2%          2
b - Mephitic Cloud        Conj/Pois/Air  17%        N/A       4%          3
c - Call Imp              Summ           24%        N/A       6%          2
d - Irradiate             Conj/Tmut      8%         3d14      50%         5
e - Ignite Poison         Fire/Tmut/Pois 16%        N/A       6%          3
f - Spider Form           Tmut/Pois      15%        N/A       8%          3

Your spell library contained the following spells:

 Spells                   Type           Power      Damage    Failure   Level
 Apportation              Tloc           32%        N/A       1%          1
 Magic Dart               Conj           72%        1d6       1%          1
 Beastly Appendage        Tmut           28%        N/A       2%          1
 Ensorcelled Hibernation  Hex/Ice        32%        N/A       2%          2
 Wereblood                Tmut           14%        N/A       4%          2
 Ozocubu's Armour         Ice            17%        N/A       4%          3
 Sticky Flame             Conj/Fire      18%        2d4       14%         4
 Fulminant Prism          Conj/Hex       8%         3d6       19%         4
 Leda's Liquefaction      Hex/Erth       8%         N/A       19%         4
 Lee's Rapid Deconstruct  Erth           8%         3d7*      43%         5
 Anguish                  Hex/Necr       4%         N/A       52%         4
 Alistair's Intoxication  Tmut/Pois      10%        N/A       56%         5
 Blade Hands              Tmut           7%         N/A       61%         5
 Statue Form              Tmut/Erth      10%        N/A       97%         6
 Dragon Form              Tmut           7%         N/A       100%        7
 Ozocubu's Refrigeration  Ice            8%         4d9       100%        7
 Ignition                 Fire           9%         3d5       100%        8


Dungeon Overview and Level Annotations

Branches:
Dungeon (10/15)            Temple (0/1) D:4            Lair (3/5) D:9
  Swamp (0/4) Lair:3        Snake (1/4) Lair:3
    Orc: D:9-12

Altars:
Ashenzari
Cheibriados
Dithmenos
Gozag
Hepliaklqana
Kikubaaqudgha
Nemelex Xobeh
Uskayaw
Xom
Yredelemnul
Zin
The Shining One

Shops:
D:4 *   D:8 *[   D:10 :


Innate Abilities, Weirdness & Mutations

You can breathe blasts of scalding, opaque steam.
Your pale cyan-grey scales are hard. (AC +7)
You cannot fit into any form of body armour.
You are cold-blooded and may be slowed by cold attacks.
You are immune to the effects of steam.
You have a somewhat thin skeletal structure. (Dex +2, Stealth+)
Your body sometimes deteriorates upon taking damage.
You have an increased reservoir of magic. (+10% MP)
You are somewhat resistant to further mutation.


Message History

Aiming: Quicksilver Bolt
Press: ? - help, Shift-Dir - straight line, f - mana viper
Aim: a mana viper (heavily wounded, 60% to hit)
The bolt of dispelling energy hits the mana viper!
The mana viper is severely wounded.
The now-empty wand crumbles to dust.
The black mamba completely misses the mana viper.
The mana viper bites you but does no damage.
The black mamba barely misses the mana viper.
Your juvenile oxbat beast hits the naga!
The naga dies!
The mana viper bites you!
You feel your power leaking away.
The black mamba barely misses the mana viper.
Your juvenile oxbat beast hits the mana viper but does no damage.
Your juvenile oxbat beast closely misses the mana viper.
Aiming: Mindburst
Press: ? - help, Shift-Dir - straight line, f/p - mana viper
Aim: a mana viper (severely wounded, chance to affect: 19%)
The mana viper resists with almost no effort.
The black mamba bites the mana viper!!
The mana viper dies!
The black mamba bites your juvenile oxbat beast.
Your juvenile oxbat beast hits the black mamba.
Your juvenile oxbat beast closely misses the black mamba.
The black mamba bites your juvenile oxbat beast!
Your juvenile oxbat beast dies!
Your juvenile oxbat beast's corpse disappears in a puff of smoke!
The black mamba bites you! x2
* * * LOW HITPOINT WARNING * * *
Your body deteriorates!
You feel dopey. The black mamba misses you. The black mamba barely misses you.
Casting: Call Imp (safe; 6% risk of failure)
Confirm with . or Enter, or press ? or * to list all spells.
You miscast Call Imp.
You are very lightly contaminated with residual magic.
Nothing appears to happen.
The black mamba bites you!!
* * * LOW HITPOINT WARNING * * *
The black mamba bites you!
You die...

+ , , , ,
....#........[
,###.............
,, *
#................
, *
.................
, ,
.................
,
.#...........$.$.
..........##.....
,
[......@S†.......
,
,........)§.......
,
.......§§...#....
,.........<.#.....
* , , ,
.......#.........
*
........##......#
........ #...... *
.(...... ,...... ,
...... ,.....# **


You could see a neutral black mamba (fast, strong, insane).

Vanquished Creatures
  A two-headed ogre (D:9)
  A fire crab (D:9)
  A black mamba (Snake:1)
  A cane toad (Lair:3)
  2 komodo dragons
  2 trolls
  4 blink frogs (Lair:1)
  A shadow (D:5)
  A vampire (D:9)
  2 wyverns (D:8)
  12 yaks
  A steam dragon (D:8)
  4 nagas (Lair:3)
  7 water moccasins
  7 orc warriors
  2 sky beasts (D:6)
  An ice beast (D:6)
  4 ogres
  A phantom (D:7)
  3 kobold brigands
  A bullfrog (Lair:2)
  A scorpion (Lair:1)
  4 wights (D:8)
  9 killer bees
  An electric eel (D:9)
  A jelly (D:5)
  4 orc priests
  2 hounds (D:6)
  An iguana (D:5)
  15 orc wizards
  8 adders
  A white imp (D:4)
  40 orcs
  5 bats
  3 endoplasms (D:1)
  3 giant cockroaches
  A hobgoblin (D:3)
  3 jackals (D:3)
  A quokka (D:2)
  6 ball pythons
  3 frilled lizards (D:1)
  4 goblins
  A goblin skeleton (D:4)
  4 hobgoblin zombies (D:4)
  14 kobolds
  2 kobold zombies (D:4)
  An orc zombie (D:4)
  10 rats
  A butterfly (D:4)
208 creatures vanquished.

Vanquished Creatures (collateral kills)
  A two-headed ogre (D:10)
  A mana viper (Snake:1)
  5 yaks
  A shadow (D:10)
  A steam dragon (D:6)
  A naga (Snake:1)
  A water moccasin (D:8)
  A black bear (D:5)
  An ogre (D:5)
  A wight (D:8)
  A killer bee (D:9)
  An orc priest (D:7)
  2 orc wizards
  An adder (D:5)
  A white imp (D:5)
  6 orcs
  A quokka (D:5)
  7 kobolds
34 creatures vanquished.

Vanquished Creatures (others)
  2 yaks
  An orc wizard (D:5)
  An orc (D:3)
  A kobold (D:7)
5 creatures vanquished.

Grand Total: 247 creatures vanquished

Notes
Turn   | Place    | Note
-------+----------+-------------------------------------------
     0 | D:1      | Kwame the Draconian Monk began the quest for the Orb.
     0 | D:1      | Reached XP level 1. HP: 19/19 MP: 1/1
    76 | D:1      | Found a faded altar of an unknown god.
    93 | D:1      | Prayed at the altar of an unknown god.
    93 | D:1      | Became a worshipper of Ashenzari the Shackled
   180 | D:1      | Reached XP level 2. HP: 25/26 MP: 2/2
   294 | D:2      | Reached * piety under Ashenzari
   486 | D:2      | Reached skill level 1 in Staves
   486 | D:2      | Reached XP level 3. HP: 34/34 MP: 2/4
   506 | D:2      | Learned a level 2 spell: Searing Ray
   665 | D:3      | Reached ** piety under Ashenzari
   786 | D:3      | Reached XP level 4. HP: 41/41 MP: 2/5
   930 | D:4      | Reached skill level 1 in Stealth
   992 | D:4      | Found Reak's Assorted Antiques.
  1005 | D:4      | Bought a scroll labelled FYTZAV MORYCW for 33 gold pieces
  1005 | D:4      | Bought a scroll labelled YROORO TYLUTIM for 33 gold pieces
  1132 | D:4      | Found a staircase to the Ecumenical Temple.
  1161 | D:4      | Noticed an ogre
  1167 | D:4      | Killed an ogre
  1168 | D:4      | Reached skill level 1 in Spellcasting
  1168 | D:4      | Reached XP level 5. HP: 39/48 MP: 1/7
  1192 | D:5      | Entered Level 5 of the Dungeon
  1209 | D:5      | Noticed an orc warrior
  1210 | D:5      | Noticed an ogre
  1212 | D:5      | Noticed an ogre
  1215 | D:5      | Found a transporter.
  1215 | D:5      | Found a transporter.
  1215 | D:5      | Noticed a shadow
  1228 | D:5      | Killed an ogre
  1229 | D:5      | Reached skill level 1 in Conjurations
  1230 | D:5      | Reached XP level 6. HP: 56/56 MP: 7/9
  1360 | D:5      | Learned a level 3 spell: Mephitic Cloud
  1387 | D:5      | Learned a level 2 spell: Call Imp
  1429 | D:5      | Reached *** piety under Ashenzari
  1466 | D:5      | Your scales start taking on a pale cyan-grey colour.
  1466 | D:5      | Reached XP level 7. HP: 62/62 MP: 5/10
  1466 | D:5      | Gained mutation: You are immune to the effects of steam.
                  | [Pale Draconian growth]
  1697 | D:5      | Found a shimmering altar of Xom.
  1912 | D:5      | Reached skill level 5 in Polearms
  2038 | D:5      | Killed a shadow
  2039 | D:5      | Reached skill level 1 in Fire Magic
  2039 | D:5      | Reached skill level 1 in Evocations
  2130 | D:4      | Reached skill level 1 in Throwing
  2230 | D:4      | Found a glowing golden altar of the Shining One.
  2237 | D:4      | Reached skill level 1 in Earth Magic
  2548 | D:3      | Reached skill level 1 in Air Magic
  2548 | D:3      | Reached XP level 8. HP: 70/70 MP: 12/12
  2895 | D:3      | Reached skill level 1 in Hexes
  2933 | D:3      | Found an ancient bone altar of Kikubaaqudgha.
  3884 | D:6      | Reached skill level 1 in Summonings
  3884 | D:6      | Reached skill level 1 in Translocations
  3884 | D:6      | Reached skill level 1 in Ice Magic
  3884 | D:6      | Reached skill level 1 in Poison Magic
  4709 | D:6      | You fall into a shaft and drop 3 floors!
  4803 | D:9      | Reached XP level 9. HP: 47/77 MP: 2/14
  4809 | D:9      | Learned a level 5 spell: Irradiate
  4896 | D:9      | Reached skill level 5 in Fighting
  4938 | D:9      | Reached skill level 5 in Dodging
  5027 | D:9      | Noticed a troll
  5050 | D:9      | Killed a troll
  5151 | D:9      | Reached skill level 1 in Transmutations
  5381 | D:9      | Found a staircase to the Lair.
  5381 | D:9      | Noticed a fire crab
  5396 | D:9      | Noticed a two-headed ogre
  5400 | D:9      | Noticed a two-headed ogre
  5424 | D:9      | Killed a two-headed ogre
  5425 | D:9      | Reached XP level 10. HP: 42/84 MP: 9/17
  5473 | D:10     | Entered Level 10 of the Dungeon
  5617 | D:10     | Found Zorpha's Book Shoppe.
  5721 | D:10     | Found a glowing silver altar of Zin.
  6094 | D:10     | Noticed a two-headed ogre
  6108 | D:10     | Killed a two-headed ogre
  6571 | D:9      | Killed a fire crab
  6773 | D:8      | Found Semaraxai's Armour Shoppe.
  6792 | D:8      | Found a sparkling altar of Nemelex Xobeh.
  6803 | D:8      | Reached XP level 11. HP: 92/92 MP: 16/19
  6906 | D:8      | Found Teiby's General Store.
  6910 | D:8      | Bought a potion of lignification for 36 gold pieces
  6910 | D:8      | Bought the +1 pair of gloves of Uskayaw's Envy {Str+4} for
                  | 298 gold pieces
  7095 | D:8      | Gained mutation: Your body sometimes deteriorates upon
                  | taking damage. [potion of mutation]
  7095 | D:8      | Gained mutation: You have a somewhat thin skeletal
                  | structure. (Dex +2, Stealth+) [potion of mutation]
  7095 | D:8      | Gained mutation: You are somewhat resistant to further
                  | mutation. [potion of mutation]
  7095 | D:8      | Gained mutation: You have an increased reservoir of magic.
                  | (+10% MP) [potion of mutation]
  7389 | D:7      | Found an opulent altar of Gozag.
  7464 | D:7      | Learned a level 3 spell: Ignite Poison
  7468 | D:7      | Learned a level 3 spell: Spider Form
  7500 | D:7      | Found a hide-covered altar of Uskayaw.
  7604 | D:7      | Found a hazy altar of Hepliaklqana.
  7818 | D:7      | Found a shadowy altar of Dithmenos.
  7910 | D:7      | Found a snail-covered altar of Cheibriados.
  7921 | D:7      | Found a basalt altar of Yredelemnul.
  8333 | Lair:1   | Entered Level 1 of the Lair of Beasts
  8845 | Lair:3   | Found a staircase to the Swamp.
  8945 | Lair:3   | Found a staircase to the Snake Pit.
  8973 | Snake:1  | Entered Level 1 of the Snake Pit
  8973 | Snake:1  | Noticed a mana viper
  8983 | Snake:1  | Killed a mana viper
  8986 | Snake:1  | Mangled by a black mamba

Illustrated notes

Levels and vault maps discovered:
D:1:      wander_arrival_peaceful_grave, layout_rooms,
          hellmonk_ecumenical_altar_crossroads
D:2:      layout_rooms
D:3:      layout_basic, mainiacjoe_overflow_boulevard
D:4:      layout_loops_ring, nicolae_tso_besieged_by_evil,
          minmay_temple_entry_butterflies, serial_shops, nicolae_shop_tiny_glass
D:5:      layout_loops_ring, gammafunk_temple_overflow_arena
D:6:      layout_gridville, item_on_display_a
D:7:      layout_basic, grunt_gozag_statues,
          nicolae_dithmenos_through_a_glass_darkly,
          worldfamousw_hep_ancestral_shrine, mainiacjoe_overflow_big_doors,
          mainiacjoe_overflow_24_doors
D:8:      layout_rooms, mainiacjoe_overflow_paths, serial_shops,
          nicolae_shop_statue_plus, shop
D:9:      layout_basic, minmay_lair_entry_lava, kennysheep_diamond, st_stairs_7
D:10:     layout_loops_ring, mainiacjoe_overflow_brackets, serial_shops,
          nicolae_shop_trees, grunt_ministairs_14
Lair:1:   layout_big_grid
Lair:2:   layout_big_grid
Lair:3:   layout_hall_layers, swamp_mist_pool,
          minmay_snake_entry_guardpost_medium, gammafunk_lair_bear_cave
Snake:1:  layout_cave_shapes, ebering_ghost_rock_garden,
          nicolae_snake_lava_pool, uniq_aizul

Skill      XL: |  1  2  3  4  5  6  7  8  9 10 11 |
---------------+----------------------------------+-----
Staves         | 1 2 3 4 |  4.7
Dodging        | 3 4 5 6 |  6.1
Stealth        | 1 2 3 4 |  4.3
Polearms       | 4 5 6 |  6.8
Spellcasting   | 1 2 3 4 |  4.5
Fighting       | 4 5 6 |  6.1
Conjurations   | 1 2 3 |  3.9
Fire Magic     | 1 2 3 4 |  4.1
Evocations     | 1 2 3 4 |  4.0
Throwing       | 1 2 3 |  3.7
Earth Magic    | 1 2 3 |  3.7
Air Magic      | 1 2 3 4 |  4.2
Hexes          | 1 2 3 |  3.3
Summonings     | 1 2 3 |  3.5
Translocations | 1 2 3 |  3.5
Ice Magic      | 1 2 3 |  3.7
Poison Magic   | 1 2 3 |  3.7
Transmutations | 1 2 3 |  3.2

Action                     |  1- 3 |  4- 6 |  7- 9 | 10-12 || total
---------------------------+-------+-------+-------+-------++-------
  Melee: Spear             |    98 |    52 |   119 |   181 ||   450
         Tailslap          |     7 |     8 |    18 |    38 ||    71
  Throw: Boomerang         |       |       |    15 |    32 ||    47
         Throwing net      |       |       |     1 |       ||     1
   Cast: Searing Ray       |     1 |     6 |    17 |    14 ||    38
         Call Imp          |       |       |    12 |    13 ||    25
         Mephitic Cloud    |       |       |       |     3 ||     3
         Irradiate         |       |       |       |     1 ||     1
 Invoke: Curse Item        |     3 |     1 |     1 |       ||     5
Ability: Breathe Steam     |       |       |    31 |    47 ||    78
  Evoke: Wand              |       |       |     5 |    14 ||    19
         Phantom mirror    |       |       |       |     1 ||     1
         Box of beasts     |       |       |       |     1 ||     1
    Use: Scroll            |     2 |     1 |     6 |     3 ||    12
         Potion            |     1 |       |     1 |     4 ||     6
   Stab: Distracted        |       |       |     2 |     1 ||     3
         Sleeping          |       |       |     2 |     2 ||     4
 Armour: Skin              |    27 |    11 |    40 |    28 ||   106
  Dodge: Dodged            |    86 |    43 |   197 |   260 ||   586
